 Dungeon Crawl Stone Soup version 0.29-a0-1014-ga8c0faee3b (webtiles) character file.

Game seed: 2407432115469861615

130 BritishOli the Slasher (level 4, -1/35 HPs)
             Began as a Demonspawn Gladiator on Aug 9, 2022.
             Slain by Sigmund
             ... wielding a +0 scythe
              (11 damage)
             ... on level 3 of the Dungeon.
             The game lasted 00:02:00 (2940 turns).

BritishOli the Slasher (Demonspawn Gladiator)       Turns: 2940, Time: 00:02:01

Health: -1/35      AC:  3    Str: 16    XL:     4   Next: 89%
Magic:  4/4        EV: 12    Int: 10    God:
Gold:   101        SH:  0    Dex: 14    Spells: 3/3 levels left

rFire   . . .      SeeInvis .   a - +0 long sword
rCold   . . .      Faith    .   (no shield)
rNeg    . . .      Spirit   .   b - +0 leather armour
rPois   .          Reflect  .   (helmet restricted)
rElec   .          Harm     .   (no cloak)
rCorr   .          Rampage  .   (no gloves)
Will    .....                   (no boots)
Stlth   +.........              (no amulet)
HPRegen 0.11/turn               (no ring)
MPRegen 0.09/turn               (no ring)

@: no status effects
A: horns 1
a: no special abilities


You were on level 3 of the Dungeon.
You visited 1 branch of the dungeon, and saw 3 of its levels.

You collected 101 gold pieces.

Inventory:

Hand Weapons
 a - a +0 long sword (weapon)
Missiles
 d - 3 throwing nets (quivered)
 e - a javelin
Armour
 b - a +0 leather armour (worn)
 c - a +0 helmet
Jewellery
 i - an amulet of magic regeneration
 k - a ring of magical power
 n - a ring of magical power
Scrolls
 f - 3 scrolls of identify {unknown}
 g - a scroll of vulnerability {unknown}
 h - a scroll of poison {unknown}
 l - a scroll of amnesia {unknown}
Potions
 j - 2 potions of mutation {unknown}
 m - a potion of flight {unknown}
 o - a potion of attraction {unknown}


   Skills:
 + Level 3.0 Fighting
 + Level 3.4 Long Blades
 + Level 2.8 Throwing
 + Level 3.4 Dodging


You had 3 spell levels left.
You didn't know any spells.
Your spell library contained the following spells:

 Spells                   Type           Power      Damage    Failure   Level
 Apportation              Tloc           0%         N/A       43%         1
 Necrotise                Necr           0%         1d4       43%         1
 Summon Small Mammal      Summ           0%         N/A       43%         1
 Inner Flame              Hex/Fire       0%         N/A       80%         3
 Cause Fear               Hex            0%         N/A       99%         4
 Dispersal                Tloc           0%         N/A       100%        6
 Discord                  Hex            0%         N/A       100%        8
 Disjunction              Tloc           0%         N/A       100%        8


Dungeon Overview and Level Annotations

Branches:
Dungeon (3/15)

Altars:

Annotations:
D:3 Sigmund


Innate Abilities, Weirdness & Mutations

You have a pair of small horns on your head.


Message History

You hit Sigmund.
Sigmund is lightly wounded.
Sigmund hits you with a +0 scythe!
You slash Sigmund!
Sigmund is heavily wounded.
Sigmund closely misses you.
You hit Sigmund. You headbutt Sigmund.
Sigmund is heavily wounded.
You hit Sigmund. Your headbutt misses Sigmund.
Sigmund is severely wounded.
Sigmund points at you and mumbles some strange words.
The puff of flame misses you.
You closely miss Sigmund.
Sigmund is severely wounded.
Sigmund closely misses you.
You hit Sigmund.
Sigmund is severely wounded.
Sigmund gestures at you while chanting. You resist with some effort.
You hit Sigmund. Your headbutt misses Sigmund.
Sigmund is severely wounded.
Sigmund points at you and mumbles some strange words.
The puff of flame hits you! Sigmund hits you but does no damage.
You hit Sigmund but do no damage.
Sigmund is severely wounded.
You barely miss Sigmund. Your headbutt misses Sigmund.
Sigmund is severely wounded.
Sigmund barely misses you.
You barely miss Sigmund.
Sigmund is severely wounded.
Sigmund misses you.
You closely miss Sigmund.
Sigmund is severely wounded.
Sigmund gestures at you while chanting. The puff of flame hits you.
* * * LOW HITPOINT WARNING * * *
You hit Sigmund.
Sigmund is almost dead.
Sigmund hits you with a +0 scythe!
You die...

## ..# ###.#### ###......#
# .....##.# . ..
#.#....#######
.....###...@..#......
............@........
.....##..................
.....##........######...#
#..........## #...#
####.##....# #...#
#.###.#.# #...#
######.###.#.#######...###
#..........#....##.......#


You could see Sigmund.

Vanquished Creatures
  An orc wizard (D:2)
  6 adders (D:2)
  A worm (D:2)
  4 orcs (D:2)
  2 ball pythons (D:2)
  2 endoplasms
  4 giant cockroaches
  8 goblins
  2 hobgoblins
  A jackal (D:2)
  4 kobolds
  2 quokkas (D:2)
  4 bats
  3 rats (D:1)
44 creatures vanquished.

Notes
Turn   | Place    | Note
-------+----------+-------------------------------------------
     0 | D:1      | BritishOli the Demonspawn Gladiator began the quest for the
                  | Orb.
     0 | D:1      | Reached XP level 1. HP: 16/16 MP: 1/1
   353 | D:1      | Gained mutation: You have a pair of small horns on your
                  | head. [demonic ancestry]
   353 | D:1      | Reached XP level 2. HP: 13/22 MP: 2/2
  1537 | D:2      | Reached XP level 3. HP: 24/28 MP: 3/3
  1992 | D:2      | Reached XP level 4. HP: 34/34 MP: 4/4
  2917 | D:3      | Noticed Sigmund
  2940 | D:3      | Slain by Sigmund

Illustrated notes

Levels and vault maps discovered:
D:1:      heliophobic_arrival_dark_side_of_the_moon, layout_loops_corners,
          wad_floor_pattern_1
D:2:      layout_rooms, chequers_serial_rivers_marsh, minmay_liquid_box,
          hangedman_decor_points, hangedman_glass_garden,
          minmay_fractal_squares_gapless_5
D:3:      layout_loops_cross, serial_shops, nicolae_shop_hallway_plus,
          minmay_misc_feat_iff, uniq_robin, uniq_sigmund

Skill      XL: |  1  2  3  4 |
---------------+-------------+-----
Throwing       | 2 |  2.8
Long Blades    | 3 |  3.4
Dodging        | 3 |  3.4
Fighting       | 3 |  3.0

Action                   |  1- 3 |  4- 6 || total
-------------------------+-------+-------++-------
Melee: Long sword        |    91 |    62 ||   153
       Headbutt          |     7 |    10 ||    17
       Punch             |     1 |       ||     1
  Use: Potion            |     1 |       ||     1
Armor: Leather armour    |    37 |    15 ||    52
Dodge: Dodged            |    55 |    57 ||   112

Table legend: (Time is in decaauts)
 A = Elapsed time spent in this place.
 B = Non-inter-level travel time spent in this place.
 C = Inter-level travel time spent in this place.
 D = Time resting spent in this place.
 E = Time spent auto-exploring this place.
 F = Levels seen in this place.
 G = Mean time per level.
                   A        B        C        D        E       F      G
               +--------+--------+--------+--------+--------+-----+--------+
         Total |   2982 |   2948 |     34 |      5 |   2592 |   3 |  994.0 |
       Dungeon |   2982 |   2948 |     34 |      5 |   2592 |   3 |  994.0 |
               +--------+--------+--------+--------+--------+-----+--------+

Top non-repeatable levels by time:
     D:1: 1442 daAuts
     D:2: 1352 daAuts
     D:3: 187 daAuts
